 Dungeon Crawl Stone Soup version 0.25.1-2-g60ff931df9 (webtiles) character file.

Game seed: 17666374226562940899

123 pokeman the Magician (level 4, -9/25 HPs)
             Began as a Deep Elf Wizard on Nov 26, 2020.
             Mangled by an orc
             ... wielding a +0 flail
              (11 damage)
             ... on level 3 of the Dungeon.
             The game lasted 00:04:51 (2785 turns).

pokeman the Magician (Deep Elf Wizard)              Turns: 2785, Time: 00:04:51

Health: -9/25      AC:  2    Str: 10    XL:     4   Next: 80%
Magic:  6/13       EV: 13    Int: 24    God:
Gold:   171        SH:  0    Dex: 13    Spells: 3/14 levels left

rFire    . . .     SeeInvis .   (no weapon)
rCold    . . .     Gourm    .   (no shield)
rNeg     . . .     Faith    .   a - +0 robe
rPois    .         Spirit   .   b - +0 hat
rElec    .         Reflect  .   (no cloak)
rCorr    .         Harm     .   (no gloves)
MR       .....                  (no boots)
Stlth    ++........             (no amulet)
HPRegen  0.08/turn              s - +6 ring of strength
MPRegen  0.13/turn              (no ring)

@: no status effects
A: no striking features
a: no special abilities


You were on level 3 of the Dungeon.
You were not hungry.

You visited 1 branch of the dungeon, and saw 3 of its levels.

You collected 171 gold pieces.

Inventory:

Missiles
 q - 56 bolts
Armour
 a - a +0 robe (worn)
 b - a +0 hat (worn)
Jewellery
 s - a +6 ring of strength (left hand)
Scrolls
 c - a scroll of blinking {unknown}
 f - 3 scrolls of fog {unknown}
 g - a scroll of magic mapping {unknown}
 k - a scroll of enchant armour {unknown}
 l - 2 scrolls of enchant weapon {unknown}
 m - 2 scrolls of teleportation {unknown}
 p - a scroll of remove curse {unknown}
 r - 2 scrolls of noise {unknown}
 t - 2 scrolls of identify {unknown}
Potions
 e - a potion of might {unknown}
 h - a potion of lignification {unknown}
 i - a potion of ambrosia {unknown}
 j - a potion of curing
 n - a potion of haste {unknown}
 u - a potion of stabbing {unknown}
Comestibles
 d - 3 rations
 o - 5 chunks of flesh


   Skills:
 - Level 1.0 Fighting
 - Level 1.0 Armour
 + Level 3.0 Dodging
 - Level 2.4 Stealth
 * Level 5.9 Spellcasting
 + Level 2.3 Conjurations
 - Level 1.1 Summonings
 - Level 1.1 Translocations
 - Level 1.0 Fire Magic
 + Level 0.2 Air Magic


You had 3 spell levels left.
You knew the following spells:

 Your Spells              Type           Power        Failure   Level  Hunger
a - Magic Dart            Conj           ###.         3%          1    None
b - Mephitic Cloud        Conj/Pois/Air  ##......     17%         3    #......
c - Call Imp              Summ           ##......     8%          2    None
d - Blink                 Tloc           N/A          8%          2    None
e - Conjure Flame         Conj/Fire      ###.....     12%         3    #......

Your spell library contained the following spells:

 Spells                   Type           Power        Failure   Level  Hunger
 Slow                     Hex            #.......     12%         2    None


Dungeon Overview and Level Annotations

Branches:
Dungeon (3/15)

Altars:
Qazlal


Message History

Confirm with . or Enter, or press ? or * to list all spells.
Aiming: Magic Dart (safe; 3% risk of failure)
Press: ? - help, Shift-Dir - straight line, f/p - orc
Aim: an orc, wielding a +0 hand axe and wearing a +0 chain mail (severely wounded)
The magic dart hits the orc but does no damage.
The orc is severely wounded.
The orc hits you with a +0 hand axe.
* * * LOW HITPOINT WARNING * * *
The orc closely misses you.
Casting: Magic Dart (safe; 3% risk of failure)
Confirm with . or Enter, or press ? or * to list all spells.
Aiming: Magic Dart (safe; 3% risk of failure)
Press: ? - help, Shift-Dir - straight line, f/p - orc
Aim: an orc, wielding a +0 hand axe and wearing a +0 chain mail (severely wounded)
The magic dart hits the orc but does no damage.
The orc is severely wounded.
The orc hits you with a +0 hand axe.
* * * LOW HITPOINT WARNING * * *
The orc hits you with a +0 flail!
You die...

#.........#
##.......##
#.........#
#.........#
#.........#
#.....<...#
#.........#
##...o...##
##รท@o..##
#######


You could see 2 orcs.

Vanquished Creatures
  3 gnolls (D:2)
  6 adders
  2 worms (D:2)
  2 orcs
  A giant cockroach (D:2)
  3 goblins
  7 hobgoblins
  6 kobolds
  A quokka (D:2)
  A ball python (D:2)
  4 bats
  4 frilled lizards
  6 rats
46 creatures vanquished.

Vanquished Creatures (collateral kills)
  A gnoll (D:2)
1 creature vanquished.

Grand Total: 47 creatures vanquished

Notes
Turn   | Place    | Note
-------+----------+-------------------------------------------
     0 | D:1      | pokeman the Deep Elf Wizard began the quest for the Orb.
     0 | D:1      | Reached XP level 1. HP: 10/10 MP: 7/7
   427 | D:1      | Reached XP level 2. HP: 9/16 MP: 6/9
  1429 | D:2      | Reached skill level 5 in Spellcasting
  1429 | D:2      | Reached XP level 3. HP: 20/20 MP: 5/11
  1434 | D:2      | Learned a level 3 spell: Mephitic Cloud
  1437 | D:2      | Learned a level 2 spell: Call Imp
  1440 | D:2      | Learned a level 2 spell: Blink
  1444 | D:2      | Learned a level 3 spell: Conjure Flame
  1741 | D:2      | Found a stormy altar of Qazlal.
  1746 | D:2      | Reached skill level 1 in Armour
  1818 | D:2      | Reached skill level 1 in Fighting
  2027 | D:2      | Reached XP level 4. HP: 12/25 MP: 2/13
  2555 | D:2      | Reached skill level 1 in Fire Magic
  2785 | D:3      | Mangled by an orc

Illustrated notes

Levels and vault maps discovered:
D:1:      sevenhm_arrival_forest_fort_small_3, layout_loops_corners
D:2:      layout_loops_ring, old_standard_altar
D:3:      layout_rooms, nicolae_overflow_hidden_temple, first_ration,
          nicolae_ru_great_annihilating_truth

Skill      XL: |  1  2  3  4 |
---------------+-------------+-----
Spellcasting   | 5 |  5.9
Armour         | 1 |  1.0
Fighting       | 1 |  1.0
Conjurations   | 2 |  2.3
Fire Magic     | 1 |  1.0
Dodging        | 3 |  3.0
Stealth        | |  2.4
Summonings     | |  1.1
Translocations | |  1.1
Air Magic      | |  0.2

Action                   |  1- 3 |  4- 6 || total
-------------------------+-------+-------++-------
Melee: Unarmed           |     3 |       ||     3
 Cast: Magic Dart        |    87 |    44 ||   131
       Conjure Flame     |     2 |       ||     2
       Mephitic Cloud    |     2 |       ||     2
       Call Imp          |     1 |     1 ||     2
  Eat: Chunk             |     3 |     3 ||     6
Armor: Robe              |       |     3 ||     3
Dodge: Dodged            |     8 |    24 ||    32
